 Dungeon Crawl Stone Soup version 0.30.1-9-gdf580d7c3d (webtiles) character file.

Game seed: 17139517140886333838

508 lonewolfV2 the Shield-Bearer (level 7, -3/54 HPs)
             Began as a Formicid Fighter on Sept 30, 2023.
             Slain by a killer bee (7 damage)
             ... on level 4 of the Dungeon.
             The game lasted 00:03:28 (2520 turns).

lonewolfV2 the Shield-Bearer (Formicid Fighter)     Turns: 2520, Time: 00:03:28

Health: -3/54      AC:  7    Str: 23    XL:     7   Next: 42%
Magic:  7/7        EV: 10    Int:  7    God:
Gold:   210        SH:  5    Dex: 13    Spells: 6/6 levels left

rFire   . . .        h - +3 scythe (vamp)
rCold   . . .        c - +0 buckler
rNeg    . . .        b - +0 scale mail
rPois   .            (helmet unavailable)
rElec   .            (no cloak)
rCorr   .            (no gloves)
SInv    +            (no boots)
Will    .....        (no amulet) Stlth
                     (no ring)
HPRegen 0.29/turn    (no ring)
MPRegen 0.10/turn

%: no passive effects
@: mighty, brilliant, lethally poisoned (-3 -> -7)
A: permanent stasis, dig shafts and tunnels, antennae 3, four strong arms
a: Dig, Shaft Self


You were on level 4 of the Dungeon.
You visited 1 branch of the dungeon, and saw 4 of its levels.

You collected 210 gold pieces.

Inventory:

Hand Weapons
 a - a +1 war axe
 h - a +3 vampiric scythe (weapon)
Armour
 b - a +0 scale mail (worn)
 c - a +0 buckler (worn)
Jewellery
 j - an amulet of faith
 p - an amulet of the acrobat
Scrolls
 f - 3 scrolls of identify
 g - a scroll of enchant weapon
 n - a scroll of vulnerability {unknown}
 q - a scroll of fear {unknown}
Potions
 e - 2 potions of mutation
 i - 2 potions of attraction
 k - a potion of degeneration
 l - a potion of berserk rage


   Skills:
 + Level 4.3 Fighting
 + Level 4.3(4.7) Axes
 + Level 2.6(3.9) Polearms
 + Level 4.9 Armour
 + Level 1.3 Dodging
 + Level 1.2 Stealth
 + Level 5.1 Shields


You had 6 spell levels left.
You didn't know any spells.
Your spell library contained the following spells:

 Spells                   Type           Power      Damage    Failure   Level
 Ensorcelled Hibernation  Hex/Ice        0%         N/A       90%         2
 Spider Form              Tmut/Pois      0%         N/A       99%         3
 Anguish                  Hex/Necr       0%         N/A       100%        4


Dungeon Overview and Level Annotations

Branches:
Dungeon (4/15)
 Temple: D:4-7

Altars:


Innate Abilities, Weirdness & Mutations

You cannot be hasted, slowed, berserked, paralysed or teleported.
You can dig through walls and to a lower floor.
You have a pair of large antennae on your head. (SInv)
Your four strong arms can wield two-handed weapons with a shield.


Message History

The killer bee stings you but does no damage.
A quokka comes into view.
The killer bee stings you. The killer bee barely misses you.
It was a potion of brilliance.
You feel clever all of a sudden.
You feel sick. The killer bee barely misses you.
You block the killer bee's attack. The killer bee closely misses you.
The killer bee stings you.
You are more poisoned.
The killer bee poisons you!
Your stasis prevents you from going berserk.
Unknown command.
You miss the killer bee.
* * * LOW HITPOINT WARNING * * *
You feel very sick. You block the killer bee's attack.
The killer bee stings you.
* * * LOW HITPOINT WARNING * * *
You block the orc's attack. The killer bee stings you.
* * * LOW HITPOINT WARNING * * *
The killer bee barely misses you.
You miss the killer bee.
* * * LOW HITPOINT WARNING * * *
You feel very sick. The killer bee misses you.
The killer bee barely misses you.
The killer bee stings you but does no damage.
The killer bee barely misses you.
The orc hits you from afar with a +0 trident.
* * * LOW HITPOINT WARNING * * *
The killer bee stings you but does no damage.
The killer bee closely misses you. You block the orc's attack.
Are you sure you want to shaft yourself?
* * * LOW HITPOINT WARNING * * *
You feel sick. The killer bee barely misses you.
The killer bee closely misses you.
The killer bee stings you but does no damage.
You block the killer bee's attack. The orc hits you but does no damage.
You begin to dig a shaft.
You continue digging a shaft.
* * * LOW HITPOINT WARNING * * *
You feel sick. You block the killer bee's attack. The killer bee stings you!
You die...

##.## #.#.<#.#
....#######.#.##.# #{
#.........#....# ...
#.#...##########
....###.###..........
y......r#####.#######
...o..ooo##...#
...#####y##.#.#######.
#y@............
####+#..#######
#............#
#....<.......#
#............#
#............#
#............#
#..............
#............#.


You could see 2 killer bees, 3 orcs and a quokka.

Vanquished Creatures
  Grinder (D:4)
  Sigmund (D:2)
  2 killer bees (D:4)
  2 adders
  3 dart slugs (D:1)
  3 endoplasms
  2 giant cockroaches (D:1)
  A goblin (D:2)
  7 hobgoblins
  4 jackals (D:1)
  2 kobolds
  3 quokkas
  8 ball pythons
  5 bats
  3 frilled lizards
  8 rats
55 creatures vanquished.

Notes
Turn   | Place    | Note
-------+----------+-------------------------------------------
     0 | D:1      | lonewolfV2 the Formicid Fighter began the quest for the
                  | Orb.
     0 | D:1      | Reached XP level 1. HP: 18/18 MP: 1/1
    95 | D:1      | Reached XP level 2. HP: 23/24 MP: 2/2
   244 | D:1      | Reached XP level 3. HP: 28/29 MP: 3/3
   575 | D:1      | Found a faded altar of an unknown god.
  1101 | D:2      | Noticed Sigmund
  1115 | D:2      | Killed Sigmund
  1116 | D:2      | Reached skill level 1 in Dodging
  1116 | D:2      | Reached XP level 4. HP: 37/37 MP: 4/4
  1116 | D:2      | Reached XP level 5. HP: 42/42 MP: 5/5
  1116 | D:2      | Reached XP level 6. HP: 48/48 MP: 6/6
  2437 | D:4      | Noticed Grinder
  2452 | D:4      | Killed Grinder
  2453 | D:4      | Reached skill level 1 in Stealth
  2453 | D:4      | Reached skill level 5 in Shields
  2453 | D:4      | Reached XP level 7. HP: 41/54 MP: 7/7
  2520 | D:4      | Slain by a killer bee

Illustrated notes

Levels and vault maps discovered:
D:1:      grunt_arrival_lava_bath, layout_basic,
          hellmonk_ecumenical_altar_inner_sanctum
D:2:      layout_basic, minmay_misc_feat_tower, uniq_sigmund
D:3:      layout_loops_ring, minmay_hedge_maze, hangedman_decor_peaks_small,
          st_stairs_1
D:4:      layout_basic, minitemple, pdpol_wu_jian_five_deadly_venoms,
          uniq_grinder

Skill      XL: |  1  2  3  4  5  6 |
---------------+-------------------+-----
Axes           | 4 |  4.3
Armour         | 4 |  4.9
Dodging        | 1 |  1.3
Fighting       | 4 |  4.3
Polearms       | 2 |  2.6
Stealth        | 1 |  1.2
Shields        | 5 |  5.1

Action                     |  1- 3 |  4- 6 |  7- 9 || total
---------------------------+-------+-------+-------++-------
  Melee: War axe           |    83 |       |       ||    83
         Halberd           |       |    49 |     7 ||    56
Ability: Shaft Self        |       |       |     1 ||     1
    Use: Scroll            |     5 |     2 |       ||     7
         Potion            |     1 |       |     3 ||     4
   Stab: Invisible         |     1 |       |       ||     1
 Armour: Scale mail        |    50 |    21 |    10 ||    81
  Dodge: Dodged            |    76 |    25 |    23 ||   124
  Block: Buckler           |    36 |    15 |    10 ||    61
